 Dungeon Crawl Stone Soup version 0.30.1-11-g7821555f0a (webtiles) character file.

Game seed: 17758351655718855042

1584 Okkudo the Cleaver (level 8, -3/63 (66) HPs)
             Began as a Hill Orc Monk on Dec 3, 2023.
             Was a Believer of Beogh.
             Slain by a wight
             ... wielding a +3 spear
              (8 damage)
             ... on level 6 of the Dungeon.
             The game lasted 00:15:23 (5195 turns).

Okkudo the Cleaver (Hill Orc Monk)                  Turns: 5195, Time: 00:15:23

HP:   -3/63 (66)    AC:  8    Str: 22    XL:     8   Next: 92%
MP:   17/17         EV:  9    Int: 10    God:    Beogh [**....]
Gold: 515           SH:  5    Dex: 13    Spells: 7/7 levels left

rFire   . . .        a - +0 hand axe
rCold   . . .        d - orb {light}
rNeg    . . .        l - +0 chain mail
rPois   .            (no helmet)
rElec   .            p - scarf {repulsion}
rCorr   .            (no gloves)
SInv    .            (no boots)
Will    .....        z - amulet of reflection Stlth
                     t - +6 ring of strength
HPRegen 0.30/turn    x - ring of magical power
MPRegen 0.15/turn

%: repel missiles, reflection
@: glowing, lightly drained
A: no striking features
a: Renounce Religion, Smiting


You were on level 6 of the Dungeon.
You worshipped Beogh.
Beogh was pleased with you.
You visited 1 branch of the dungeon, and saw 6 of its levels.
You also visited: Sewer.

You collected 515 gold pieces.

Inventory:

Hand Weapons
 a - a +0 hand axe (weapon)
Armour
 d - an orb of light (worn)
 l - a +0 chain mail (worn)
 p - a scarf of repulsion (worn)
Jewellery
 t - a +6 ring of strength (left hand)
 x - a ring of magical power (right hand)
 z - an amulet of reflection (around neck)
 E - an amulet of magic regeneration
Wands
 y - a wand of digging (7)
 F - a wand of flame (26)
 G - a wand of iceblast (8)
Scrolls
 b - a scroll of fear
 e - 2 scrolls of teleportation
 g - 2 scrolls of blinking {unknown}
 i - 2 scrolls of enchant armour {unknown}
 j - 3 scrolls of noise {unknown}
 k - a scroll of vulnerability
 r - 3 scrolls of magic mapping {unknown}
 u - a scroll of butterflies
 A - a scroll of fog
 C - a scroll of silence
Potions
 c - a potion of ambrosia
 f - a potion of flight {unknown}
 h - 2 potions of attraction {unknown}
 m - a potion of cancellation {unknown}
 n - 2 potions of mutation {unknown}
 q - a potion of degeneration {unknown}
 s - a potion of lignification {unknown}
 v - 2 potions of brilliance {unknown}
 w - a potion of berserk rage
 B - 2 potions of might {unknown}
 D - a potion of heal wounds {unknown}
 H - a potion of curing {unknown}


   Skills:
 + Level 4.2 Fighting
 * Level 14.3 Axes
 - Level 2.4 Dodging


You had 7 spell levels left.
You didn't know any spells.
Your spell library contained the following spells:

 Spells                   Type           Power      Damage    Failure   Level
 Poisonous Vapours        Pois/Air       0%         N/A       99%         2
 Gell's Gravitas          Tloc           0%         N/A       100%        3
 Ignite Poison            Fire/Tmut/Pois 0%         N/A       100%        3
 Mephitic Cloud           Conj/Pois/Air  0%         N/A       100%        3
 Teleport Other           Tloc           0%         N/A       100%        3
 Sticky Flame             Conj/Fire      0%         2d3       100%        4
 Freezing Cloud           Conj/Ice/Air   0%         6-21      100%        5
 Dispersal                Tloc           0%         N/A       100%        6
 Ignition                 Fire           0%         3d3       100%        8


Dungeon Overview and Level Annotations

Branches:
Dungeon (6/15)             Temple (0/1) D:5           Sewer (visited)

Altars:
Cheibriados
Hepliaklqana
Kikubaaqudgha
Trog
Wu Jian
Xom
Yredelemnul


Message History

You feel drained.
You see here a +0 quarterstaff.
The wight hits you from afar with a +3 spear.
You feel drained. The wight hits you but does no damage.
There is an open door here.
The wight barely misses you.
The wight hits you from afar with a +3 spear.
You feel drained. You block the wight's attack.
You hit the wight.
The wight is moderately damaged.
The wight hits you from afar with a +3 spear!
There are monsters nearby!
There are monsters nearby!
You slash the wight!
The wight is almost destroyed.
You slash the wight!
You destroy the wight!
Beogh accepts your kill. The wight barely misses you.
You slash the wight!
The wight is severely damaged.
You hit the wight but do no damage.
The wight is severely damaged.
The wight hits you from afar with a +3 spear!
The wight hits you with a +3 spear.
The wight hits you with a +4 short sword!
* * * LOW HITPOINT WARNING * * *
You feel drained.
* * * LOW HITPOINT WARNING * * *
There is an open door here.
The wight attacks as you move away!
The wight hits you with a +4 short sword!
* * * LOW HITPOINT WARNING * * *
The wight barely misses you. The wight attacks as you move away!
The wight hits you with a +3 spear.
* * * LOW HITPOINT WARNING * * *
The wight hits you from afar with a +3 spear!
You die...

#.........#........
#...##...†.........
#...######........^
#....# #......^.^
#....# #.......^.
#>...# ##...^....
#....# #........
#...########^....^^
#.@.#......#.^.....
#.).#....# ..#.^...
#..zz....# ..#.....
#...#)...# +.....
#...#....# #.....
#.).##+### ###...
#......... #...
#......... #...
#......... #...


You could see 2 wights.

Vanquished Creatures
  Grinder (D:3)
  A water moccasin (D:3)
  Pargi (Sewer)
  An ice beast (D:5)
  4 phantoms
  3 scorpions
  2 wights (D:6)
  A howler monkey (D:5)
  3 hounds
  2 orc priests
  2 iguanas
  4 orc wizards
  6 adders
  3 ufetubi (D:5)
  3 worms
  6 dart slugs
  8 orcs
  11 ball pythons
  6 endoplasms
  4 giant cockroaches
  6 goblins
  6 hobgoblins
  2 jackals (D:2)
  8 kobolds
  2 quokkas
  11 bats
  4 frilled lizards
  4 rats
115 creatures vanquished.

Vanquished Creatures (others)
  An orc wizard (D:4)
  An orc (D:4)
2 creatures vanquished.

Grand Total: 117 creatures vanquished

Notes
Turn   | Place    | Note
-------+----------+-------------------------------------------
     0 | D:1      | Okkudo the Hill Orc Monk began the quest for the Orb.
     0 | D:1      | Reached XP level 1. HP: 19/19 MP: 1/1
   125 | D:1      | Reached XP level 2. HP: 16/26 MP: 2/2
   298 | D:1      | Reached skill level 5 in Axes
   435 | D:1      | Found a faded altar of an unknown god.
   897 | D:1      | Reached XP level 3. HP: 30/31 MP: 3/3
  1265 | D:2      | Reached skill level 6 in Axes
  1272 | D:2      | Noticed a phantom
  1322 | D:2      | Killed a phantom
  1323 | D:2      | Reached skill level 7 in Axes
  1323 | D:2      | Reached XP level 4. HP: 13/39 MP: 4/4
  1323 | D:2      | Reached XP level 5. HP: 15/45 MP: 5/5
  1886 | D:3      | Found an ornate altar of the Wu Jian Council.
  1965 | D:3      | Reached skill level 8 in Axes
  2060 | D:3      | Found a glowing drain.
  2064 | Sewer    | Entered a sewer
  2092 | Sewer    | Noticed Pargi
  2120 | Sewer    | Killed Pargi
  2121 | Sewer    | Reached skill level 9 in Axes
  2121 | Sewer    | Reached XP level 6. HP: 33/51 MP: 6/6
  2274 | D:3      | Noticed Grinder
  2373 | D:3      | Found a shimmering altar of Xom.
  2819 | D:3      | Paralysed by Grinder for 5 turns
  2845 | D:3      | Killed Grinder
  2846 | D:3      | Reached skill level 10 in Axes
  2846 | D:3      | Reached XP level 7. HP: 36/57 MP: 7/7
  3509 | D:4      | Identified the +0 robe of the Turtle {Fly}
  3520 | D:4      | Reached skill level 11 in Axes
  3866 | D:4      | Found a bloodstained altar of Trog.
  3872 | D:4      | Became a worshipper of Beogh the Brigand
  3872 | D:4      | Reached * piety under Beogh
  3872 | D:4      | Reached ** piety under Beogh
  3886 | D:4      | Reached skill level 12 in Axes
  3886 | D:4      | Reached XP level 8. HP: 64/64 MP: 8/8
  3892 | D:4      | Found a snail-covered altar of Cheibriados.
  3896 | D:4      | Found an ancient bone altar of Kikubaaqudgha.
  3897 | D:4      | Found a basalt altar of Yredelemnul.
  4263 | D:5      | Entered Level 5 of the Dungeon
  4321 | D:5      | Found a staircase to the Ecumenical Temple.
  4683 | D:5      | Found a hazy altar of Hepliaklqana.
  4719 | D:5      | Reached skill level 13 in Axes
  5079 | D:6      | Reached skill level 14 in Axes
  5195 | D:6      | Slain by a wight

Illustrated notes

Levels and vault maps discovered:
D:1:      lemuel_arrival_broad_hall, layout_basic, basic_ecumenical_altar,
          st_stairs_7, minmay_pentomino_v4
D:2:      minmay_inner_zag, layout_basic
D:3:      layout_basic, mainiacjoe_overflow_boulevard, amcnicky_altar_gilded,
          serial_rivers, chequers_serial_rivers_room_b,
          chequers_serial_rivers_large_b, chequers_serial_rivers_room_a,
          chequers_serial_rivers_micro_c, chequers_serial_rivers_small_3,
          gup_sewer_entry_bowl, uniq_grinder
D:4:      layout_rooms, minitemple, serial_forest, infiniplex_forest_zigzag_2,
          infiniplex_forest_fountain, infiniplex_forest_diagonal,
          infiniplex_forest_lined_3, infiniplex_forest_clump_double,
          infiniplex_forest_straight_2, infiniplex_forest_straight_3
D:5:      layout_basic, worldfamousw_hep_ancestral_shrine,
          minmay_temple_entry_junction_2
D:6:      minmay_skewed_foursquare, layout_gridville, minmay_holes

Skill      XL: |  1  2  3  4  5  6  7  8 |
---------------+-------------------------+-----
Axes           | 5 7 9 10 12 14 | 14.3
Fighting       | 4 |  4.2
Dodging        | |  2.4

Action                     |  1- 3 |  4- 6 |  7- 9 || total
---------------------------+-------+-------+-------++-------
  Melee: Hand axe          |   110 |   128 |   200 ||   438
  Throw: Dart              |       |       |     2 ||     2
 Invoke: Convert to Beogh  |       |       |     1 ||     1
    Use: Scroll            |       |       |     6 ||     6
 Armour: Robe              |    21 |       |       ||    21
         Chain mail        |    29 |    83 |    71 ||   183
  Dodge: Dodged            |    57 |    64 |    82 ||   203
         Repelled          |       |       |     2 ||     2
  Block: Orb               |       |       |    22 ||    22
